 Dungeon Crawl Stone Soup version 0.18-a0-241-g014938f (webtiles) character file.

180877 Arkorax the Warrior (level 18, -21/108 HPs)
             Began as a Vine Stalker Monk on Nov 24, 2015.
             Was the Champion of Ru.
             Killed from afar by a deep elf sorcerer (29 damage)
             ... with a blast of hellfire
             ... on level 3 of the Elven Halls on Nov 25, 2015.
             The game lasted 01:50:25 (33501 turns).

Arkorax the Warrior (Vine Stalker Monk)            Turns: 33501, Time: 01:50:25

Health: -21/108    AC: 20    Str: 15    XL:     18   Next: 28%
Magic:  0/19       EV: 19    Int:  7    God:    Ru [******]
Gold:   498        SH:  8    Dex: 24    Spells: 2 memorised, 9 levels left

rFire  . . .     SeeInvis .       - Unarmed
rCold  . . .     Clarity  .     o - +4 mottled dragon armour
rNeg   . . .     SustAt   .     t - +0 buckler
rPois  .         Gourm    .     (no helmet)
rElec  .         Spirit   +     Y - +0 cloak
rCorr  +         Warding  .     R - +1 pair of gloves {Dex+3}
rMut   .         Stasis   .     P - +0 pair of boots
MR     +++..                    A - amulet of resist corrosion
Stlth  ++++......               Q - ring of protection from magic
                                d - +6 ring of protection

@: no potions, drained, extremely resistant to hostile enchantments, stealthy
A: fangs 3, clumsy 1, dopey 2, regeneration 3, magic shield, antimagic bite, no
device heal 3, rot immunity, inability to drink while threatened, hated by all,
inability to train armour, no conjurations magic, no fire magic, no necromancy
magic, disrupted magic 1
a: Draw Out Power, Power Leap, Apocalypse, Renounce Religion


You were on level 3 of the Elven Halls.
You worshipped Ru.
Ru was exalted by your worship.
You were not hungry.

You visited 6 branches of the dungeon, and saw 32 of its levels.
You also visited: Bailey.

You collected 3327 gold pieces.
You spent 2829 gold pieces at shops.

Inventory:

Hand Weapons
 j - a +3 blowgun
 w - the +1 eveningstar "Brilliance" {holy, rN+ AC+5 Int+5}
   (You found it on level 2 of the Elven Halls)

   It has been blessed by the Shining One to cause great damage to the undead
   and demons.
   It affects your AC (+5).
   It affects your intelligence (+5).
   It protects you from negative energy.
Missiles
 G - 3 throwing nets (quivered)
 I - 16 curare-tipped needles
Armour
 o - a +4 mottled dragon armour (worn)
 t - a +0 buckler (worn)
 C - the +0 fire dragon armour of Asot {rF++ rC- MR+}
   (You bought it in a shop on level 15 of the Dungeon)

   It greatly protects you from fire.
   It makes you vulnerable to cold.
   It affects your resistance to hostile enchantments.
 P - a +0 pair of boots (worn)
 R - a +1 pair of gloves of dexterity (worn)
 Y - a +0 cloak (worn)
Jewellery
 d - a +6 ring of protection (left hand)
 A - an amulet of resist corrosion (around neck)
 D - an uncursed ring of protection from magic
 Q - a ring of protection from magic (right hand)
 W - an uncursed ring of see invisible
Wands
 s - a wand of digging (3)
 u - a wand of teleportation (5)
 B - a wand of disintegration (17)
 M - a wand of cold (4)
 T - a wand of draining (9)
Scrolls
 a - 8 scrolls of remove curse
 e - 8 scrolls of noise
 l - 2 scrolls of fog
 p - 2 scrolls of recharging
 r - 3 scrolls of teleportation
 x - a scroll of magic mapping
 y - 9 scrolls of identify
 E - 6 scrolls of immolation
 F - 7 scrolls of amnesia
 K - a scroll of brand weapon
 V - a scroll of holy word
Potions
 c - 4 potions of resistance
 f - a potion of berserk rage
 g - 4 potions of brilliance
 i - 3 potions of ambrosia
 n - 4 potions of haste
 q - 17 potions of curing
 z - 3 potions of flight
 N - a potion of cancellation {unknown}
 O - 3 potions of invisibility
 S - 2 potions of magic
 X - 5 potions of lignification
Books
 H - a book of Alchemy

   Spells                             Type                      Level
   a - Sublimation of Blood           Necromancy                   2
   b - Ignite Poison                  Fire/Transmutation/Poison    3
   c - Alistair's Intoxication        Transmutation/Poison         4
   d - Condensation Shield            Ice                          4
   e - Petrify                        Transmutation/Earth          4
   f - Irradiate                      Conjuration/Transmutation    5
 U - Nyitwou's Almanac of Companions
   (You found it on level 1 of the Elven Halls)

   Spells                             Type                      Level
   a - Summon Butterflies             Summoning                    1
   b - Summon Small Mammal            Summoning                    1
   c - Call Canine Familiar           Summoning                    3
   d - Summon Demon                   Summoning                    5
   e - Summon Forest                  Summoning/Translocation      5
Miscellaneous
 v - a lamp of fire
Comestibles
 b - 6 bread rations
 h - 7 meat rations
 k - 40 fruits
 m - 2 royal jellies
 L - 10 beef jerkies
 Z - 5 slices of pizza


   Skills:
 - Level 17.2(15.8) Fighting
   Level 0.0 Armour
 - Level 8.7(7.5) Dodging
 - Level 10.4(9.2) Stealth
 * Level 12.4(11.1) Shields
 - Level 16.3(14.8) Unarmed Combat
 - Level 3.6(2.6) Transmutations
 - Level 4.2(3.1) Earth Magic


You had 9 spell levels left.
You knew the following spells:

 Your Spells              Type           Power        Failure   Level  Hunger
a - Statue Form           Trmt/Erth      #........    100%        6    #######
b - Repel Missiles        Chrm/Air       #.....       92%         2    ###....


Dungeon Overview and Level Annotations

Branches:
Dungeon (15/15)            Temple (1/1) D:7            Lair (8/8) D:10
  Swamp (1/4) Lair:5       Spider (0/4) Lair:6        Slime (0/6) Lair:6
    Orc (4/4) D:10            Elf (3/3) Orc:4        Vaults (0/5) D:13
 Depths (0/5) D:15

Altars:
Ashenzari
Cheibriados
Dithmenos
Fedhas
Gozag
Kikubaaqudgha
Nemelex Xobeh
Okawaru
Qazlal
Ru
Trog
Xom
Yredelemnul
Zin
The Shining One

Shops:
D:13 !*!(*   D:14 (   D:15 [   Orc:1 (   Orc:4 !?}(%

Annotations:
D:5 Vergil's ghost, novice DrAE
D:10 Proton's ghost, journeyman OgFi
Elf:2 3 runed doors


Innate Abilities, Weirdness & Mutations

You have razor-sharp teeth.
You are clumsy. (Dex -2)
You are very dopey. (Int -4)
You regenerate.
When hurt, damage is shared between your health and your magic reserves.
Your bite disrupts and absorbs the magic of your enemies.
Potions and wands cannot restore your health.
You are immune to rotting.
You cannot drink potions while threatened.
You are hated by all.
You cannot train Armour skill.
You cannot study or cast Conjurations magic.
You cannot study or cast Fire magic.
You cannot study or cast Necromancy magic.
Your casting is slightly disrupted.


Message History

Your surroundings suddenly seem different.
A deep elf summoner and a deep elf sorcerer come into view.
The deep elf summoner shouts!
The deep elf summoner gestures wildly while chanting.
The deep elf summoner blinks!
The deep elf sorcerer shouts!
The deep elf sorcerer shouts, "Entram moth deg ulag!"
The deep elf sorcerer points at you and mumbles some strange words.
The bolt of acid hits you! You resist.
* * * LOW HITPOINT WARNING * * *
The acid burns!
You resist.
* * * LOW HITPOINT WARNING * * *
There is an open door here.
The deep elf sorcerer begins to cast a spell, but is stunned by your will!
The deep elf sorcerer casts a spell.
The deep elf sorcerer seems to speed up.
The deep elf sorcerer begins to cast a spell, but is stunned by your will!
The deep elf sorcerer points at you and mumbles some strange words.
The hellfire explodes!
The blast of hellfire engulfs you!
You die...

............#...#...#
........)...#...#...#
.......)....#...#...#
####'########...'...#
.......)........#...#
................#...#
................#...#
#########e#######..<#
....[...........@...#
..................[.#
....................#
#####################


You could see a deep elf sorcerer.

Vanquished Creatures
  Rupert (D:13)
  Maud (Lair:6)
  8 deep elf sorcerers
  6 deep elf demonologists (Elf:3)
  Nessos (Lair:6)
  8 deep elf annihilators (Elf:3)
  7 deep elf death magi
  2 vault guards (D:13)
  An ettin (Orc:3)
  2 deep elf high priests (Elf:3)
  Fannar (Lair:3)
  9 hydras
  Erolcha (Orc:3)
  3 catoblepae
  2 dancing weapons (Elf:2)
  3 centaur warriors
  2 tengu warriors
  6 death yaks
  5 orc high priests (Orc:4)
  A small abomination (Elf:2)
  Sonja (Lair:3)
  13 deep elf knights
  Nergalle (D:12)
  4 skeletal warriors (D:14)
  3 unseen horrors
  A swamp dragon (Swamp:1)
  13 deep elf summoners
  8 orc knights
  2 necromancers (D:13)
  5 hill giants
  2 griffons
  3 wizards
  A wolf spider zombie (D:15)
  7 deep elf conjurers
  An orb spider (Lair:6)
  A salamander (D:15)
  4 ugly things
  2 cyclopes
  20 elephants
  A manticore (D:15)
  Joseph (D:7)
  2 octopodes (shapeshifter)
  4 black mambas
  5 gargoyles
  A torpor snail (Lair:5)
  5 centaur skeletons
  6 centaur zombies
  17 spiny frogs
  The ghost of Oper80 the Insei, a novice DsMo of Yredelemnul (D:4)
  18 komodo dragons
  2 efreet
  2 fire drakes
  A freezing wraith (D:15)
  A tengu conjurer (D:14)
  13 deep elf priests
  A polar bear (shapeshifter) (D:15)
  2 polar bears
  32 blink frogs
  5 trolls
  A wolf spider simulacrum (D:15)
  12 slime creatures
  3 giant leeches
  2 two-headed ogres
  A bog body (Swamp:1)
  2 boulder beetles (Lair:7)
  56 yaks
  2 wraiths
  3 wyverns
  A spriggan (Lair:6)
  3 shadows (D:14)
  7 redbacks (D:15)
  5 basilisks
  16 vampire mosquitoes
  18 humans (D:13)
  14 hippogriffs
  Grum (D:11)
  30 deep elf magi
  2 mottled dragons (D:14)
  25 deep elf fighters
  18 wargs
  A hungry ghost (D:14)
  15 water moccasins
  9 swamp worms
  33 wolves
  10 porcupines
  A soldier ant (D:12)
  3 ice beasts
  2 necrophages
  3 black bears
  A swamp drake (Lair:5)
  41 orc warriors
  2 eyes of draining
  13 ogres
  3 sky beasts
  17 crocodiles
  3 phantoms
  5 big kobolds
  14 centaurs
  46 giant frogs
  2 gnoll sergeants (D:9)
  A scorpion (D:6)
  A water moccasin skeleton (D:8)
  3 wights (D:15)
  5 killer bees
  8 electric eels
  4 crimson imps
  4 giant frog zombies
  A quasit (D:10)
  8 hounds
  A jelly (D:10)
  34 orc priests
  3 giant frog skeletons
  29 orc wizards
  26 iguanas
  Jessica (D:2)
  6 worker ants
  8 sheep
  A killer bee zombie (D:8)
  3 hound skeletons
  3 hound zombies
  Robin (D:2)
  12 adders
  23 gnolls
  48 river rats
  4 shadow imps
  An adder skeleton (D:4)
  An adder zombie (D:8)
  A worm (D:3)
  4 giant geckos
  167 orcs
  A ball python (D:1)
  15 bats
  19 hobgoblins
  13 jackals
  4 quokkas
  6 giant cockroaches
  3 giant gecko skeletons
  2 giant newts
  12 goblins
  A jackal skeleton (D:7)
  20 kobolds
  17 rats
  A plant (Lair:8)
1254 creatures vanquished.

Vanquished Creatures (others)
  A deep elf blademaster (Elf:3)
  Donald (Elf:1)
  A dire elephant (D:15)
  A hydra (Swamp:1)
  3 death yaks
  An orc sorcerer (Orc:4)
  A black mamba (Lair:4)
  A spiny frog (Lair:8)
  A giant leech (Lair:8)
  A slime creature (D:15)
  A redback (D:15)
  2 deep elf magi
  A porcupine (Lair:1)
  A giant frog (Lair:7)
  An orc wizard (D:11)
  An orc priest (Orc:3)
  An orc (Orc:1)
  A kobold (D:9)
  14 bushes
  A butterfly (D:5)
  41 fungi
  56 plants
133 creatures vanquished.

Grand Total: 1387 creatures vanquished

Notes
Turn   | Place    | Note
--------------------------------------------------------------
     0 | D:1      | Arkorax the Vine Stalker Monk began the quest for the Orb.
     0 | D:1      | Reached XP level 1. HP: 11/11 MP: 2/2
   206 | D:1      | Reached XP level 2. HP: 13/16 MP: 3/3
   791 | D:2      | Reached XP level 3. HP: 16/20 MP: 4/4
   907 | D:2      | Noticed Robin
   979 | D:2      | Killed Robin
  1248 | D:2      | Found an iron altar of Okawaru.
  1255 | D:2      | Reached XP level 4. HP: 25/25 MP: 5/5
  1375 | D:2      | Noticed Jessica
  1398 | D:2      | Killed Jessica
  1398 | D:2      | Reached skill level 5 in Unarmed Combat
  1588 | D:3      | Found a faded altar to an unknown god.
  1719 | D:3      | Reached XP level 5. HP: 25/29 MP: 4/6
  2103 | D:4      | Noticed an ogre
  2113 | D:4      | Killed an ogre
  2113 | D:4      | Reached skill level 6 in Unarmed Combat
  2113 | D:4      | Gained mutation: You heal very quickly. [Vine Stalker growth]
  2113 | D:4      | Reached XP level 6. HP: 35/35 MP: 7/7
  2326 | D:4      | Reached skill level 5 in Fighting
  2473 | D:4      | Noticed Oper80's ghost (novice DsMo)
  2541 | D:3      | Reached XP level 7. HP: 39/39 MP: 8/8
  2800 | D:4      | Killed Oper80's ghost
  2800 | D:4      | Reached skill level 7 in Unarmed Combat
  3023 | D:5      | Entered Level 5 of the Dungeon
  3049 | D:5      | Identified the Incunabulum of Clay
  3051 | D:5      | Found a shimmering altar of Xom.
  3066 | D:5      | Noticed Vergil's ghost (novice DrAE)
  3154 | D:5      | Gained mutation: You have razor-sharp teeth. [Vine Stalker growth]
  3154 | D:5      | Reached XP level 8. HP: 26/44 MP: 5/9
  3490 | D:5      | Found an opulent altar of Gozag.
  3491 | D:5      | Found a sparkling altar of Nemelex Xobeh.
  3742 | D:6      | Reached skill level 8 in Unarmed Combat
  3761 | D:6      | Found a sparkling altar of Nemelex Xobeh.
  4015 | D:7      | Found a staircase to the Ecumenical Temple.
  4031 | Temple   | Entered the Ecumenical Temple
  4056 | Temple   | Became a worshipper of Ru the Awakened
  4064 | Temple   | Gained mutation: You are dopey. (Int -2) [Ru sacrifice]
  4125 | D:7      | Reached XP level 9. HP: 51/51 MP: 10/10
  4161 | D:7      | Noticed Joseph
  4188 | D:7      | Killed Joseph
  4188 | D:7      | Reached skill level 9 in Unarmed Combat
  4358 | D:7      | Found a glowing golden altar of the Shining One.
  4451 | D:7      | Gained mutation: Armour fits poorly on your strangely shaped body. [mutagenic meat]
  4516 | D:7      | Identified Sif Muna's Handbook of the Entourage
  4681 | D:7      | Reached skill level 10 in Unarmed Combat
  4886 | D:7      | Reached XP level 10. HP: 50/58 MP: 11/11
  5014 | D:8      | Found a snail-covered altar of Cheibriados.
  5023 | D:8      | Found a basalt altar of Yredelemnul.
  5766 | D:9      | Gained mutation: You are hated by all. [Ru sacrifice]
  5766 | D:9      | Reached * piety under Ru
  5873 | D:9      | Found a flagged portal.
  5882 | Bailey   | Entered a bailey
  5973 | Bailey   | Reached skill level 11 in Unarmed Combat
  6019 | Bailey   | Noticed an orc knight
  6030 | Bailey   | Killed an orc knight
  6030 | Bailey   | Reached skill level 10 in Fighting
  6495 | D:9      | Found a glowing silver altar of Zin.
  7000 | D:10     | Entered Level 10 of the Dungeon
  7292 | D:10     | Found a staircase to the Orcish Mines.
  7493 | D:10     | Reached skill level 12 in Unarmed Combat
  7498 | D:10     | Reached XP level 11. HP: 50/64 MP: 10/12
  7622 | D:10     | Gained mutation: You cannot study or cast Fire magic. [Ru sacrifice]
  7622 | D:10     | Gained mutation: You cannot study or cast Necromancy magic. [Ru sacrifice]
  7622 | D:10     | Gained mutation: You cannot study or cast Conjurations magic. [Ru sacrifice]
  7622 | D:10     | Reached ** piety under Ru
  7689 | D:10     | Noticed Proton's ghost (journeyman OgFi)
  7777 | D:10     | Found a staircase to the Lair.
  8470 | Lair:1   | Entered Level 1 of the Lair of Beasts
  8616 | Lair:1   | Reached skill level 1 in Armour
  9222 | Lair:1   | Gained mutation: You regenerate. [potion of beneficial mutation]
  9223 | Lair:1   | Gained mutation: Your muscles are strong. (Str +2) [potion of beneficial mutation]
  9976 | Lair:1   | Got a transparent robe
 10019 | Lair:1   | Gained mutation: Your casting is slightly disrupted. [Ru sacrifice]
 10019 | Lair:1   | Reached *** piety under Ru
 10025 | Lair:1   | Identified the cursed +1 robe "Vuam" {rN+ Stlth+} (You found it on level 1 of the Lair of Beasts)
 10683 | Lair:2   | Reached skill level 5 in Stealth
 10683 | Lair:2   | Reached skill level 13 in Unarmed Combat
 10683 | Lair:2   | Mutation became permanent: You regenerate. [Vine Stalker growth]
 10683 | Lair:2   | Reached XP level 12. HP: 67/71 MP: 11/13
 11840 | Lair:3   | Noticed Sonja
 11845 | Lair:3   | Killed Sonja
 11960 | Lair:3   | Noticed Fannar
 11974 | Lair:3   | Killed Fannar
 12217 | Lair:3   | Reached skill level 10 in Stealth
 12265 | Lair:3   | Noticed a five-headed hydra
 12321 | Lair:3   | Killed a five-headed hydra
 12559 | Lair:3   | Got an ancient chain mail
 12570 | Lair:3   | Identified the +8 chain mail of Divine Compulsion {-Cast rF++ rC+ rCorr} (You found it on level 3 of the Lair of Beasts)
 12835 | Lair:4   | Reached XP level 13. HP: 76/76 MP: 14/14
 13592 | Lair:5   | Found a bloodstained altar of Trog.
 13637 | Lair:5   | Got a smoking leather armour
 13648 | Lair:5   | Identified the +2 leather armour of the Nine Eyes {rElec rC+ MR-} (You found it on level 5 of the Lair of Beasts)
 13749 | Lair:5   | Gained mutation: You cannot drink potions while threatened. [Ru sacrifice]
 13749 | Lair:5   | Reached **** piety under Ru
 13774 | Lair:5   | Reached skill level 14 in Unarmed Combat
 13955 | Lair:5   | Reached skill level 5 in Armour
 14459 | Lair:5   | Found a staircase to the Swamp.
 14872 | Lair:6   | Found a staircase to the Slime Pits.
 14921 | Lair:6   | Noticed Nessos
 14929 | Lair:6   | Noticed Maud
 14965 | Lair:6   | Killed Maud
 15092 | Lair:6   | Found a hole to the Spider Nest.
 15176 | Lair:6   | Killed Nessos
 15463 | Lair:7   | Gained mutation: You cannot train Armour skill. [Ru sacrifice]
 15463 | Lair:7   | Reached ***** piety under Ru
 15475 | Lair:7   | Reached XP level 14. HP: 76/83 MP: 15/15
 15524 | Lair:7   | Reached skill level 15 in Unarmed Combat
 16057 | Lair:7   | Reached skill level 1 in Shields
 16308 | Lair:7   | Gained mutation: You have a pair of small horns on your head. [potion of beneficial mutation]
 16552 | Lair:8   | Entered Level 8 of the Lair of Beasts
 17075 | Lair:8   | Gained mutation: You are clumsy. (Dex -2) [Ru sacrifice]
 17148 | Lair:8   | Reached skill level 5 in Shields
 17434 | Lair:8   | Reached XP level 15. HP: 88/88 MP: 16/16
 17634 | Lair:8   | Reached skill level 16 in Unarmed Combat
 17720 | Lair:8   | Learned a level 6 spell: Statue Form
 17738 | Lair:8   | Got a faintly glowing broad axe
 17739 | Lair:8   | Identified the +6 broad axe "Meto" {chop, -Tele rElec Dex+4} (You found it on level 8 of the Lair of Beasts)
 17771 | Lair:8   | Reached skill level 1 in Earth Magic
 18057 | Lair:8   | Reached skill level 1 in Transmutations
 18870 | D:11     | Noticed Grum
 18886 | D:11     | Killed Grum
 19285 | D:12     | Reached skill level 15 in Fighting
 19557 | D:12     | Noticed Nergalle
 19603 | D:12     | Killed Nergalle
 20243 | D:13     | Found Kenauw's Distillery.
 20256 | D:13     | Found Woariada's General Store.
 20283 | D:13     | Learned a level 2 spell: Repel Missiles
 20317 | D:13     | Found Ichops's Distillery.
 20548 | D:13     | Found Vagejez's Assorted Antiques.
 20559 | D:13     | Bought a transparent leather armour for 245 gold pieces
 20559 | D:13     | Bought a scroll labeled VIUHEE TOUTIS for 35 gold pieces
 20582 | D:13     | Identified the +2 leather armour of the Shining Light {*Corrode +Fly rN+ Dex+10} (You bought it in a shop on level 13 of the Dungeon)
 20591 | D:13     | Bought a scroll of blinking for 262 gold pieces
 21043 | D:13     | Noticed Rupert
 21068 | D:13     | Killed Rupert
 21100 | D:13     | Found Qeis's Weapon Shop.
 21139 | D:13     | Found a shimmering altar of Xom.
 21178 | D:13     | Found a gate to the Vaults.
 21739 | D:13     | Gained mutation: You are very dopey. (Int -4) [Ru sacrifice]
 21739 | D:13     | Reached ****** piety under Ru
 22121 | D:14     | Reached XP level 16. HP: 58/96 MP: 13/17
 22350 | D:14     | Found Rinusk's Antique Weapon Shop.
 22436 | D:14     | Reached skill level 5 in Dodging
 23011 | D:15     | Entered Level 15 of the Dungeon
 23399 | D:15     | Found Nuvoon's Antique Armour Shoppe.
 23405 | D:15     | Bought a steaming fire dragon armour for 1105 gold pieces
 23417 | D:15     | Identified the cursed +0 fire dragon armour of Asot {rF++ rC- MR+} (You bought it in a shop on level 15 of the Dungeon)
 24194 | D:15     | Found a staircase to the Depths.
 24554 | Orc:1    | Entered Level 1 of the Orcish Mines
 24581 | Orc:1    | Found Rafiras's Antique Weapon Shoppe.
 25532 | Orc:3    | Noticed Erolcha
 25539 | Orc:3    | Killed Erolcha
 25670 | Orc:4    | Entered Level 4 of the Orcish Mines
 25744 | Orc:4    | Found Nosilo's Distillery.
 25756 | Orc:4    | Bought a potion of resistance for 170 gold pieces
 25756 | Orc:4    | Bought a potion of resistance for 170 gold pieces
 25756 | Orc:4    | Bought a potion of might for 68 gold pieces
 26301 | Orc:4    | Reached skill level 17 in Fighting
 26706 | Orc:4    | Found Buptogosk's Food Emporium.
 26706 | Orc:4    | Found Maibalat's Magic Scroll Emporium.
 26707 | Orc:4    | Found Laitet's Weapon Shoppe.
 26707 | Orc:4    | Found Igrelaiw's Gadget Emporium.
 26716 | Orc:4    | Bought a scroll of teleportation for 42 gold pieces
 26716 | Orc:4    | Bought a scroll of enchant armour for 105 gold pieces
 26927 | Orc:4    | Found a staircase to the Elven Halls.
 27264 | Swamp:1  | Entered Level 1 of the Swamp
 28130 | D:13     | Bought a potion of curing for 33 gold pieces
 28130 | D:13     | Bought a potion of haste for 110 gold pieces
 28130 | D:13     | Bought a potion of curing for 33 gold pieces
 28130 | D:13     | Bought a potion of curing for 33 gold pieces
 28130 | D:13     | Bought a potion of curing for 33 gold pieces
 28130 | D:13     | Bought a potion of cure mutation for 385 gold pieces
 28132 | D:13     | Lost mutation: Your muscles are strong. (Str +2) [potion of cure mutation]
 28132 | D:13     | Lost mutation: Armour fits poorly on your strangely shaped body. [potion of cure mutation]
 28132 | D:13     | Lost mutation: You have a pair of small horns on your head. [potion of cure mutation]
 28137 | D:13     | Upgraded the game from 0.18-a0-185-gabf895a to 0.18-a0-241-g014938f
 28388 | Elf:1    | Entered Level 1 of the Elven Halls
 28414 | Elf:1    | Reached XP level 17. HP: 95/102 MP: 18/18
 28701 | Elf:1    | Noticed Donald
 28709 | Elf:1    | Killed Donald
 28936 | Elf:1    | Identified Nyitwou's Almanac of Companions
 29745 | Elf:2    | Found a runed gate.
 29745 | Elf:2    | Found a runed gate.
 29745 | Elf:2    | Found a runed gate.
 29962 | Elf:2    | Found an ancient bone altar of Kikubaaqudgha.
 30237 | Elf:3    | Entered Level 3 of the Elven Halls
 31643 | Elf:3    | Reached skill level 10 in Shields
 31678 | Elf:3    | Noticed a deep elf blademaster
 31883 | Elf:3    | Killed a deep elf blademaster
 32190 | Elf:3    | Reached XP level 18. HP: 84/108 MP: 19/19
 33482 | Elf:3    | HP: 5/108 [deep elf master archer/arrow of flame (10)]
 33494 | Elf:3    | HP: 2/108 [acid (6)]
 33501 | Elf:3    | Killed from afar by a deep elf sorcerer

Vault maps used:
D:1:      dpeg_arrival_line_fractal
D:2:      okawaru_trees_2, uniq_jessica, uniq_robin
D:3:      ecumenical_altar_2, first_bread, minmay_distorted
D:4:      minivault_14
D:5:      grunt_temple_overflow_opulence, xom_butterflies, serial_park_tiny_1
D:6:      lemuel_statue_altar
D:7:      kennysheep_windowed_halls, kennysheep_mini, minmay_temple_entry_trees,
          grunt_ogre_cave, uniq_joseph
D:8:      amethyst_overflow_temple_binary
D:9:      zin_statuary, enter_bailey_2
D:10:     grunt_lair_entry_elf_guard_hut,
          kennysheep_orc_monster_closet_entryway, minmay_item_behind_shaft,
          uniq_nergalle
D:11:     kennysheep_another_room, uniq_grum
D:13:     lemuel_castle_with_subvaults, grunt_vaults_entry_tiered, serial_shops,
          shop, kennysheep_little_box, shop, shop, shop, basic_altar,
          uniq_rupert
D:14:     serial_shops, shop
D:15:     hangedman_depths_entry_try_elsewhere_first, serial_park_square3,
          serial_shops, shop, spider_trap
Temple:   circular_temple_12
Lair:1:   lemuel_fruit_tree, grunt_megastairs_2, infiniplex_staircase_pool,
          serial_bayou_shore_a, lemuel_fruit_fields, serial_bayou_shore_b
Lair:2:   beast_lair_carwin_large_4
Lair:3:   eino_small_chamber_without_monster, beast_lair_carwin_7, uniq_sonja,
          uniq_fannar
Lair:4:   minmay_lair_venomous_thicket, st_stairs_9
Lair:5:   nicolae_swamp_entry_splash_gauntlet, basic_altar, beast_lair_carwin_3
Lair:6:   nicolae_spider_entry_orb_guardian, dpeg_slime_entry_corner,
          grunt_forest_stairs_clearing, grunt_megastairs_3, uniq_nessos,
          uniq_maud
Lair:7:   beast_lair_carwin_2
Lair:8:   minmay_lair_end_frog_pond, minmay_stone_trees_small,
          grunt_forest_large_clearings
Swamp:1:  evilmike_swamp_ruin_rubble_2, swamp_pool3, statue_in_the_mist_lemuel,
          st_swamp_ruins_4
Orc:1:    serial_shops, nicolae_shop_behind_doors, shop,
          nicolae_shop_behind_doors, shop
Orc:3:    nicolae_orc_pool_cavern, uniq_erolcha
Orc:4:    st_orc_pillars, serial_shops, shop_fountains
Elf:1:    minmay_elf_arrival_circle, minmay_elf_demonology, hex_medium,
          uniq_donald
Elf:2:    basic_altar, minmay_misc_feat_ornament
Elf:3:    minmay_elf_hall_four_x
Bailey:   bailey_axe_2, bailey

Action                   |  1- 3 |  4- 6 |  7- 9 | 10-12 | 13-15 | 16-18 || total
-------------------------+-------+-------+-------+-------+-------+-------++-------
Melee: Unarmed           |   134 |   165 |   306 |   825 |  1432 |  1573 ||  4435
Invok: Sacrifice Purity  |       |       |     1 |       |     2 |       ||     3
       Sacrifice Love    |       |       |       |     1 |       |       ||     1
       Sacrifice Essence |       |       |       |     1 |       |       ||     1
       Sacrifice Arcana  |       |       |       |     1 |       |       ||     1
       Reject Sacrifices |       |       |       |     1 |     1 |       ||     2
       Draw Out Power    |       |       |       |     1 |       |     1 ||     2
       Power Leap        |       |       |       |       |    19 |    16 ||    35
       Sacrifice Drink   |       |       |       |       |     1 |       ||     1
       Sacrifice Durabil |       |       |       |       |     1 |       ||     1
       Apocalypse        |       |       |       |       |       |     1 ||     1
Evoke: Wand              |       |     3 |    23 |    16 |     4 |     4 ||    50
  Use: Potion            |       |       |     5 |     3 |     2 |     7 ||    17
       Scroll            |       |       |       |    19 |    20 |    17 ||    56
 Stab: Sleeping          |     1 |     3 |     1 |    33 |    13 |    33 ||    84
       Distracted        |       |     1 |     2 |     4 |    22 |     9 ||    38
       Confused          |       |       |     1 |       |       |       ||     1
       Paralysed         |       |       |       |     6 |     8 |     4 ||    18
       Invisible         |       |       |       |     9 |    26 |    31 ||    66
       Petrified         |       |       |       |       |     4 |       ||     4
  Eat: Chunk             |     1 |     2 |     3 |     4 |       |     1 ||    11
       Bread ration      |       |     1 |     1 |     2 |     4 |     4 ||    12
       Meat ration       |       |       |       |     3 |     1 |     4 ||     8
       Fruit             |       |       |       |       |     8 |       ||     8
